 Dungeon Crawl Stone Soup version 0.21-a0-404-g291f19a (webtiles) character file.

2019 theanonym the Carver (level 9, -1/79 HPs)
             Began as a Minotaur Berserker on Oct 31, 2017.
             Was an Elder of Trog.
             Killed by divine providence
             ... invoked by an orc priest
              (12 damage)
             ... on level 5 of the Dungeon.
             The game lasted 00:14:38 (5470 turns).

theanonym the Carver (Minotaur Berserker)           Turns: 5470, Time: 00:14:38

Health: -1/79      AC:  9    Str: 31    XL:     9   Next: 3%
Magic:  8/8        EV: 14    Int:  7    God:    Trog [****..]
Gold:   294        SH:  4    Dex: 12    Spells: 8/8 levels left

rFire    . . .     SeeInvis .   w - +0 long sword
rCold    . . .     Gourm    .   (no shield)
rNeg     . . .     Faith    .   F - +1 ring mail "Timot" {*Corrode rPois Str+8 Int+3}
rPois    +         Spirit   .   (helmet restricted)
rElec    .         Reflect  +   f - +1 cloak
rCorr    .         Harm     .   (no gloves)
MR       +++..                  (no boots)
Stlth    +.........             C - +4 amulet of reflection
HPRegen  1.23/turn              l - ring of protection from magic
MPRegen  0.11/turn              (no ring)

@: berserk cooldown, regenerating, slowed, very slow
A: retaliatory headbutt, horns 2
a: Berserk, Trog's Hand, Brothers in Arms, Burn Spellbooks, Renounce Religion


You were on level 5 of the Dungeon.
You worshipped Trog.
Trog was greatly pleased with you.
You were very hungry.

You visited 1 branch of the dungeon, and saw 6 of its levels.

You collected 294 gold pieces.

Inventory:

Hand Weapons
 w - a +0 long sword (weapon)
   (You found it on level 3 of the Dungeon)
Armour
 f - a +1 cloak (worn)
   (You took it off Crazy Yiuf on level 2 of the Dungeon)
 E - a +0 troll leather armour {Purgy}
   (You found it on level 4 of the Dungeon)
 F - the +1 ring mail "Timot" (worn) {*Corrode rPois Str+8 Int+3}
   (You found it on level 5 of the Dungeon)

   It affects your strength (+8).
   It affects your intelligence (+3).
   It protects you from poison.
   It may corrode you when you take damage.
Jewellery
 l - a ring of protection from magic (left hand)
   (You found it on level 1 of the Dungeon)
 C - a +4 amulet of reflection (around neck)
   (You found it on level 4 of the Dungeon)
 D - an uncursed amulet of magic regeneration
   (You found it on level 5 of the Dungeon)
Wands
 b - a wand of flame (31/48)
   (You took it off a goblin on level 3 of the Dungeon)
 s - a wand of scattershot (2/9)
   (You found it on level 5 of the Dungeon)
 y - a wand of lightning (6/15)
   (You found it on level 4 of the Dungeon)
Scrolls
 a - a scroll of enchant armour {unknown}
 d - 8 scrolls of remove curse
 i - 3 scrolls of teleportation {unknown}
 j - a scroll of fear {unknown}
 p - 4 scrolls of enchant weapon {unknown}
 q - a scroll of fog {unknown}
 r - 2 scrolls of identify
 u - a scroll of immolation {unknown}
Potions
 e - a potion of resistance {unknown}
 g - 2 potions of lignification {unknown}
 h - 2 potions of curing
 k - a potion of heal wounds {unknown}
 n - a potion of brilliance {unknown}
 o - a potion of flight {unknown}
 x - a potion of berserk rage {unknown}
 A - a potion of mutation {unknown}
 B - a potion of degeneration {unknown}
Comestibles
 c - 2 bread rations
 m - 2 royal jellies
 t - 4 fruits
 v - a chunk of flesh


   Skills:
 + Level 7.6 Fighting
 * Level 10.1 Long Blades
 + Level 5.8 Armour
 + Level 5.9 Dodging


You had 8 spell levels left.
You didn't know any spells.

Dungeon Overview and Level Annotations

Branches:
Dungeon (6/15)             Temple (0/1) D:5

Altars:
Fedhas


Innate Abilities, Weirdness & Mutations

You reflexively headbutt those who attack you in melee.
You have a pair of horns on your head.


Message History

The orc warrior barely misses you.
You regained 9 hp, and now have 112/118 hp.
MP restored: 8
Things that are here:
a short sword; a chain mail; an orc corpse You feel a strong urge to attack something.
You are no longer berserk.
You are exhausted.
You feel yourself slow down.
You feel the effects of Trog's Hand fading.
The orc priest mumbles some strange prayers to Beogh against you.
Beogh smites you! The orc completely misses you. You furiously retaliate!
You headbutt the orc!
You kill the orc!
Trog accepts your kill. Dowan closely misses you. You furiously retaliate!
You headbutt Dowan.
You now have 63/79 hp.
Unknown command.
Unknown command.
Unknown command.
You slash Dowan! Dowan hits you but does no damage.
The orc warrior hits you with a long sword!
The orc wizard gestures wildly while chanting.
The orc wizard blinks!
Dowan misses you.
You take 14 damage, and have 49/79 hp.
You miss Dowan. Dowan closely misses you.
The orc priest casts a cantrip, but nothing happens.
The orc warrior barely misses you. You furiously retaliate!
You headbutt the orc warrior!
Dowan breathes, "And she was my only..."
Dowan completely misses you.
You riposte.
You hit Dowan. You headbutt Dowan!
You kill Dowan!
Trog accepts your kill.
Trog appreciates your killing of a magic user.
The orc priest calls upon Beogh to heal the orc warrior.
The orc warrior is healed somewhat.
You closely miss the orc warrior. You headbutt the orc warrior.
The orc warrior hits you with a long sword.
The orc priest hits you but does no damage.
You take 4 damage, and have 46/79 hp.
Your skin stops crawling.
You feel less resistant to hostile enchantments.
You block the bullfrog skeleton's attack.
The orc warrior hits you with a long sword.
The orc priest calls down the wrath of Beogh upon you.
You easily resist.
The orc wizard hits you but does no damage.
The bullfrog skeleton hits you but does no damage.
You block the orc warrior's attack.
Things that are here:
a short sword; a chain mail; an orc corpse You take 1 damage, and have 45/79 hp.
The orc wizard casts a spell at you. The magic dart hits you!
The bullfrog skeleton completely misses you.
You furiously retaliate!
You headbutt the bullfrog skeleton, but do no damage.
The bullfrog skeleton barely misses you.
You furiously retaliate!
You headbutt the bullfrog skeleton! The orc wizard misses you.
Things that are here:
an uncursed shortbow; 16 arrows; a centaur corpse You take 1 damage, and have 44/79 hp.
The orc wizard misses you. You furiously retaliate!
You headbutt the orc wizard!
You riposte.
You barely miss the orc wizard. The bullfrog skeleton misses you.
You riposte.
You completely miss the bullfrog skeleton.
You headbutt the bullfrog skeleton. The orc priest hits you with a dagger.
The orc warrior hits you with a long sword!
* * * LOW HITPOINT WARNING * * *
There is a stone staircase leading up, spattered with blood here.
You see here 4 arrows.
You take 9 damage, and have 35/79 hp.
The orc wizard closely misses you.
The bullfrog skeleton barely misses you.
You furiously retaliate!
You headbutt the bullfrog skeleton!
The orc wizard casts a spell.
The orc wizard blinks!
The orc priest calls down the wrath of Beogh upon you.
Pain shoots through your body!
* * * LOW HITPOINT WARNING * * *
You block the bullfrog skeleton's attack.
The orc warrior hits you with a long sword!
* * * LOW HITPOINT WARNING * * *
You climb upwards.
There is a stone staircase leading down here.
You take 13 damage, and have 22/79 hp.
Your skin crawls.
You feel resistant to hostile enchantments.
You are feeling very hungry.
The orc priest misses you. The orc warrior misses you.
The orc priest casts a cantrip, but nothing happens.
You regained 2 hp, and now have 24/79 hp.
You hit the orc priest but do no damage.
You headbutt the orc priest!
The orc warrior hits you with a long sword!
* * * LOW HITPOINT WARNING * * *
The orc priest calls down the wrath of Beogh upon you.
Beogh smites you!
You die...

####..## ##......#
##......## ##..##
##......## ###...## #
##..## #........# ##### ##
##..###........############
.##
##............##.........#
..#
##......................#
..#
##...........###########
..# ####..o....## .##
##.o@..## ## #.....# #
##...## ### ##### ##.#
##### #.##
#########...###### #.#
...##............## #.#
##.##.##.#######..####
##### #.# #.........###
##....###...###.#


You could see an orc warrior and an orc priest.

Vanquished Creatures
  The ghost of zodiak12 the Ducker, a novice DrFi (D:5)
  Duvessa (D:6)
  Purgy (D:4)
  3 ogres
  3 centaurs
  Dowan (D:6)
  A scorpion (D:3)
  3 killer bees (D:5)
  4 crimson imps
  3 hounds (D:5)
  An orc priest (D:6)
  A jelly (D:5)
  An orc wizard (D:5)
  Crazy Yiuf (D:2)
  6 worker ants
  A hound zombie (D:6)
  A hound skeleton (D:4)
  4 gnolls
  7 adders
  2 shadow imps (D:5)
  An adder skeleton (D:5)
  3 worms
  2 dart slugs
  4 leopard geckos
  32 orcs
  5 bats
  6 giant cockroaches
  9 goblins
  7 hobgoblins
  9 jackals
  13 kobolds
  3 quokkas
  2 ball pythons
  5 frilled lizards
  A giant cockroach zombie (D:5)
  A leopard gecko skeleton (D:4)
  A quokka skeleton (D:5)
  10 rats
160 creatures vanquished.

Notes
Turn   | Place    | Note
-------+----------+-------------------------------------------
     0 | D:1      | theanonym the Minotaur Berserker began the quest for the Orb.
     0 | D:1      | Reached XP level 1. HP: 19/19 MP: 0/0
   197 | D:1      | Reached skill level 4 in Long Blades
   215 | D:1      | Reached XP level 2. HP: 14/27 MP: 1/1
   916 | D:2      | Reached skill level 4 in Fighting
   916 | D:2      | Reached skill level 3 in Armour
   916 | D:2      | Reached XP level 3. HP: 33/33 MP: 2/2
  1260 | D:2      | Reached skill level 5 in Long Blades
  1260 | D:2      | Reached XP level 4. HP: 37/41 MP: 3/3
  1284 | D:2      | Reached ** piety under Trog
  1463 | D:2      | Found a runed door.
  1588 | D:2      | Found a blossoming altar of Fedhas.
  1933 | D:2      | Noticed Crazy Yiuf
  1938 | D:2      | Killed Crazy Yiuf
  1938 | D:2      | Reached XP level 5. HP: 47/47 MP: 4/4
  2464 | D:3      | theanonym: ??long blades
  2464 | D:3      | beem: long blades[1/2]: falchion (+2/7/1.3/0.6), long sword (+1/9/1.4/0.7), scimitar (-2/11/1.4/0.7), demon blade (-1/12/1.3/0.6), eudemon blade (-2/13/1.2/0.6), double sword (-1/14/1.5/0.7), great sword (-3/15/1.7/0.7) [2], triple sword (-4/17/1.9/0.7) [2]
  2742 | D:3      | Reached skill level 5 in Fighting
  2742 | D:3      | Reached skill level 6 in Long Blades
  2742 | D:3      | Reached skill level 4 in Armour
  2742 | D:3      | Reached skill level 3 in Dodging
  2831 | D:3      | Reached XP level 6. HP: 56/56 MP: 5/5
  2936 | D:3      | Reached *** piety under Trog
  3507 | D:4      | Noticed Purgy
  3516 | D:4      | Killed Purgy
  3998 | D:5      | Entered Level 5 of the Dungeon
  4007 | D:5      | Reached skill level 7 in Long Blades
  4041 | D:5      | Reached XP level 7. HP: 61/61 MP: 6/6
  4084 | D:5      | Found a staircase to the Ecumenical Temple.
  4299 | D:5      | Noticed zodiak12's ghost (novice DrFi)
  4317 | D:5      | Killed zodiak12's ghost
  4317 | D:5      | Reached skill level 6 in Fighting
  4317 | D:5      | Reached skill level 8 in Long Blades
  4317 | D:5      | Reached skill level 5 in Armour
  4317 | D:5      | Reached skill level 4 in Dodging
  4361 | D:5      | Reached XP level 8. HP: 68/70 MP: 7/7
  4586 | D:5      | Reached skill level 5 in Dodging
  4608 | D:5      | Reached skill level 9 in Long Blades
  4758 | D:5      | Reached skill level 7 in Fighting
  4891 | D:5      | Got a smoking ring mail
  4947 | D:5      | Identified the +1 ring mail "Timot" {*Corrode rPois Str+8 Int+3} (You found it on level 5 of the Dungeon)
  5446 | D:6      | Noticed Duvessa
  5448 | D:6      | Noticed Dowan
  5450 | D:6      | Reached **** piety under Trog
  5457 | D:6      | Killed Duvessa
  5457 | D:6      | Reached skill level 10 in Long Blades
  5458 | D:6      | Reached XP level 9. HP: 79/79 MP: 8/8
  5462 | D:6      | Killed Dowan
  5470 | D:5      | HP: 11/79 [orc warrior/long sword (14)]
  5470 | D:5      | Killed from afar by an orc priest

Vault maps used:
D:1:      scummos_arrival_star
D:2:      lemuel_round_altar, uniq_crazy_yiuf_cottage
D:3:      corexii_shack_village, first_bread
D:4:      corexii_leaking_fountain, uniq_purgy
D:5:      minmay_temple_entry_large_hall
D:6:      basic_altar, uniq_duvessa, uniq_eustachio, uniq_grinder

Skill      XL: |  1  2  3  4  5  6  7  8 |
---------------+-------------------------+-----
Long Blades    | 4 5 6 7 8 10 | 10.1
Fighting       | 4 5 6 7 |  7.6
Armour         | 3 4 5 |  5.8
Dodging        | 3 4 5 |  5.9

Action                   |  1- 3 |  4- 6 |  7- 9 || total
-------------------------+-------+-------+-------++-------
Melee: Falchion          |    57 |    75 |       ||   132
       Headbutt          |     8 |    34 |    22 ||    64
       Long sword        |       |   110 |   102 ||   212
Invok: Berserk           |     1 |     6 |     4 ||    11
       Trog's Hand       |       |     6 |     2 ||     8
  Use: Scroll            |       |     3 |     1 ||     4
  Eat: Chunk             |     2 |    12 |     2 ||    16
       Meat ration       |       |     1 |     1 ||     2
Armor: Animal skin       |     3 |    12 |       ||    15
       Leather armour    |       |    33 |       ||    33
       Troll leather arm |       |     6 |    24 ||    30
       Ring mail         |       |       |    13 ||    13
Dodge: Dodged            |    35 |   113 |   105 ||   253
Block: Other             |       |    14 |    25 ||    39
       Reflection        |       |       |     2 ||     2
       Rpst.: Falchion   |    12 |     9 |       ||    21
       Long sword        |       |    16 |    30 ||    46

Table legend:
 A = Spawn XP
 B = Non-spawn XP
 C = Spawn XP percentage of total XP
 D = Spawn monster count
 E = Non-spawn monster count
 F = Spawn count percentage of total count
 G = Total turns spent on level
                    A         B        C        D         E        F      G
               +---------+---------+-------+---------+---------+-------+---------
         Total |       0 |    2885 |   0.0 |       0 |     160 |   0.0 |  5470
               +---------+---------+-------+---------+---------+-------+---------
           D:1 |       0 |      27 |   0.0 |       0 |      16 |   0.0 |   856
           D:2 |       0 |     174 |   0.0 |       0 |      30 |   0.0 |  1174
           D:3 |       0 |     208 |   0.0 |       0 |      56 |   0.0 |  1158
           D:4 |       0 |     271 |   0.0 |       0 |      10 |   0.0 |   810
           D:5 |       0 |    1629 |   0.0 |       0 |      34 |   0.0 |  1435
           D:6 |       0 |     576 |   0.0 |       0 |      14 |   0.0 |    37
               +---------+---------+-------+---------+---------+-------+---------
